 Dungeon Crawl Stone Soup version 0.24.0-13-gcf9b319 (webtiles) character file.

Game seed: 15262031228316811889, levelgen mode: deterministic

918 Bronimir the Geomancer (level 7, -3/57 HPs)
             Began as a Deep Dwarf Earth Elementalist on Mar 16, 2020.
             Was a Believer of Makhleb.
             Killed from afar by an orc wizard (5 damage)
             ... with a magic dart
             ... on level 5 of the Dungeon.
             The game lasted 00:17:17 (4460 turns).

Bronimir the Geomancer (DDEE)                       Turns: 4460, Time: 00:17:18

Health: -3/57      AC:  5    Str: 12    XL:     7   Next: 83%
Magic:  10/12      EV: 12    Int: 17    God:    Makhleb [**....]
Gold:   204        SH:  4    Dex: 13    Spells: 3/13 levels left

rFire    . . .     SeeInvis .   a - +0 war axe
rCold    . . .     Gourm    .   (no shield)
rNeg     . . .     Faith    .   q - +0 leather armour
rPois    .         Spirit   .   k - +0 helmet
rElec    .         Reflect  +   (no cloak)
rCorr    .         Harm     .   y - +0 pair of gloves
MR       +....                  (no boots)
Stlth    ++........             l - +4 amulet of reflection
HPRegen  0.00/turn              (no ring)
MPRegen  0.13/turn              (no ring)

@: non-regenerating
A: damage resistance, heal wounds, sense surroundings 1, no regeneration
a: Heal Wounds, Minor Destruction, Renounce Religion


You were on level 5 of the Dungeon.
You worshipped Makhleb.
Makhleb was pleased with you.
You were near starving.

You visited 1 branch of the dungeon, and saw 5 of its levels.

You collected 204 gold pieces.

Inventory:

Hand Weapons
 a - a +0 war axe (weapon)
 b - a +1 hunting sling of velocity
 C - a +2 antimagic trident
 D - a +2 antimagic whip
Missiles
 e - 46 arrows
 j - 42 stones (quivered)
 u - 61 sling bullets
Armour
 k - a +0 helmet (worn)
 o - a +0 ring mail
 q - a +0 leather armour (worn)
 y - a +0 pair of gloves (worn)
 z - a +1 robe of cold resistance
Jewellery
 f - an uncursed ring of ice
 l - a +4 amulet of reflection (around neck)
Wands
 c - a wand of polymorph (9)
Scrolls
 n - 5 scrolls of remove curse
 r - 5 scrolls of identify
 x - a scroll of enchant weapon {unknown}
 A - a scroll of amnesia
Potions
 i - a potion of might
 m - a potion of brilliance {unknown}
 p - a potion of haste {unknown}
 s - a potion of mutation {unknown}
 v - 2 potions of heal wounds {unknown}
 w - a potion of curing {unknown}
 B - 3 potions of agility
Comestibles
 d - 10 rations


   Skills:
 + Level 1.2 Fighting
 + Level 2.4 Axes
 * Level 2.9 Armour
 + Level 3.0 Dodging
 - Level 2.4 Stealth
 + Level 3.9 Spellcasting
 + Level 1.0 Conjurations
 + Level 0.8 Transmutations
 * Level 8.4 Earth Magic
 * Level 2.8 Invocations


You had 3 spell levels left.
You knew the following spells:

 Your Spells              Type           Power        Failure   Level  Hunger
a - Sandblast             Erth           ####..       1%          1    None
b - Passwall              Tmut/Erth      ###.....     4%          2    ##.....
c - Stone Arrow           Conj/Erth      ###...       9%          3    ###....
d - Petrify               Tmut/Erth      ###.....     28%         4    ####...

Your spell library contained the following spells:

 Spells                   Type           Power        Failure   Level  Hunger
 Lee's Rapid Deconstruct  Erth           ####......   17%         5    ######.


Dungeon Overview and Level Annotations

Branches:
Dungeon (5/15)
 Temple: D:4-7

Altars:
Cheibriados
Kikubaaqudgha
Makhleb
Trog
Xom

Shops:
D:4 *   D:5 [


Innate Abilities, Weirdness & Mutations

You are resistant to damage.
You can heal yourself by infusing magical energy.
You passively map a small area around you.
You do not regenerate.


Message History

You block the orc's attack. You block the orc wizard's attack.
The orc wizard casts a spell at you. The magic dart hits you.
* * * LOW HITPOINT WARNING * * *
Casting: Sandblast (safe; 1% risk of failure)
Confirm with . or Enter, or press ? or * to list all spells.
Aiming: Sandblast (safe; 1% risk of failure)
Press: ? - help, Shift-Dir - straight line, f - orc wizard
Aim: an orc wizard, wielding a +0 dagger and wearing a +0 robe (severely wounded, fast)
The blast of sand hits the orc wizard!
You kill the orc wizard!
Makhleb accepts your kill.
Your Dodging skill increases to level 3!
j - 42 stones The orc hits you from afar with a +0 trident.
The orc wizard casts a spell.
The orc wizard blinks!
The orc wizard points at you and mumbles some strange words.
The magic dart hits you!
You die...

.......#.##(.##..##........
.......'.....#....#........,
.......#.....#....#........
.......#####'######........
,
##.........................
*
.#...............(.......!.
.#..........(.....().......
.#...............).........
.#..............@)Z.)......
,
'#...............oo...ยง....
.........###########.......
.......>.#.........#...[...,
*
.........#.........#.......
....>....#.........#.......
.####....#.........#.......
..###....###'###...#, .... ,
.##......#...###...# , ,


You could see an orc wizard, an orc and a rat zombie.

Vanquished Creatures
  Sigmund (D:2)
  An eye of draining (D:4)
  A phantom (D:5)
  An ogre (D:3)
  2 howler monkeys (D:5)
  2 hounds (D:4)
  2 orc priests
  An orc wizard (D:5)
  A bullfrog skeleton (D:4)
  A worker ant (D:4)
  A hound skeleton (D:4)
  A hound zombie (D:2)
  11 adders
  A gnoll (D:4)
  An adder skeleton (D:2)
  A worm (D:2)
  3 dart slugs (D:4)
  2 leopard geckos (D:3)
  10 orcs
  2 bat skeletons (D:2)
  2 giant cockroaches
  6 goblins
  6 hobgoblins
  6 jackals
  A quokka (D:4)
  2 ball pythons (D:3)
  4 bats
  7 frilled lizards
  A jackal skeleton (D:2)
  2 jackal zombies (D:2)
  5 kobolds
  A leopard gecko skeleton (D:4)
  An orc zombie (D:5)
  2 quokka zombies (D:2)
  7 rats
99 creatures vanquished.

Notes
Turn   | Place    | Note
-------+----------+-------------------------------------------
     0 | D:1      | Bronimir the Deep Dwarf Earth Elementalist began the quest
                  | for the Orb.
     0 | D:1      | Reached XP level 1. HP: 15/15 MP: 3/3
   372 | D:1      | Reached XP level 2. HP: 22/22 MP: 0/4
   415 | D:1      | Learned a level 2 spell: Passwall
   683 | D:2      | Reached skill level 5 in Earth Magic
   683 | D:2      | Reached XP level 3. HP: 25/28 MP: 2/6
   880 | D:2      | Learned a level 3 spell: Stone Arrow
   927 | D:2      | Found a burning altar of Makhleb.
  1291 | D:2      | Found an ancient bone altar of Kikubaaqudgha.
  1379 | D:2      | Became a worshipper of Makhleb the Destroyer
  1399 | D:2      | Reached XP level 4. HP: 13/36 MP: 2/7
  1563 | D:2      | Noticed Sigmund
  1638 | D:2      | Killed Sigmund
  1638 | D:2      | Reached skill level 1 in Armour
  1638 | D:2      | Reached skill level 6 in Earth Magic
  1638 | D:2      | Reached XP level 5. HP: 15/42 MP: 4/9
  1913 | D:3      | Noticed an ogre
  2096 | D:3      | Killed an ogre
  2096 | D:3      | Reached skill level 1 in Axes
  2096 | D:3      | Reached XP level 6. HP: 24/49 MP: 6/10
  2100 | D:3      | Reached skill level 7 in Earth Magic
  2429 | D:3      | Reached * piety under Makhleb
  2429 | D:3      | Reached skill level 1 in Invocations
  3237 | D:4      | Learned a level 4 spell: Petrify
  3521 | D:4      | Reached XP level 7. HP: 18/56 MP: 4/12
  3707 | D:4      | Found Feeffyd's Assorted Antiques.
  3774 | D:4      | Found a bloodstained altar of Trog.
  3791 | D:4      | Reached ** piety under Makhleb
  3807 | D:4      | Reached skill level 1 in Fighting
  3807 | D:4      | Reached skill level 8 in Earth Magic
  3974 | D:4      | Found a snail-covered altar of Cheibriados.
  4175 | D:5      | Entered Level 5 of the Dungeon
  4240 | D:5      | Found Podic's Antique Armour Boutique.
  4299 | D:5      | Reached skill level 1 in Conjurations
  4359 | D:5      | Found a shimmering altar of Xom.
  4459 | D:5      | HP: 2/57 [orc wizard/magic dart (1)]
  4460 | D:5      | Killed from afar by an orc wizard

Levels and vault maps discovered:
D:1:      minmay_arrival_widening_spiral_wide, layout_rooms
D:2:      layout_loops_ring, nicolae_overflow_hidden_temple, first_ration,
          serial_undead, serial_undead_f, serial_undead_c, serial_undead_e,
          serial_undead_a, serial_undead_a, serial_undead_a, serial_undead_a,
          serial_undead_f, minivault_23, bloody_makhleb, uniq_sigmund
D:3:      layout_loops_ring
D:4:      layout_loops_ring, kennysheep_slug_shrine, serial_shops, shop,
          hex_tiny, trog_eyes_of_draining
D:5:      layout_gridville, xom_teletrap_fun, enter_ossuary_3, serial_shops,
          shop, nrook_mini_backslash

Skill      XL: |  1  2  3  4  5  6  7 |
---------------+----------------------+-----
Spellcasting   | 2 3 |  3.9
Earth Magic    | 5 6 7 8 |  8.4
Armour         | 1 2 |  2.9
Axes           | 1 2 |  2.4
Invocations    | 1 2 |  2.8
Fighting       | 1 |  1.2
Conjurations   | 1 |  1.0
Dodging        | 3 |  3.0
Stealth        | |  2.4
Transmutations | |  0.8

Action                   |  1- 3 |  4- 6 |  7- 9 || total
-------------------------+-------+-------+-------++-------
Melee: Hand axe          |    43 |    57 |       ||   100
       War axe           |       |    16 |    52 ||    68
 Cast: Sandblast         |    42 |    16 |    13 ||    71
       Stone Arrow       |     4 |    34 |    14 ||    52
 Abil: Heal Wounds       |       |     1 |     1 ||     2
  Use: Scroll            |     1 |     7 |     2 ||    10
  Eat: Chunk             |     3 |     8 |     2 ||    13
       Ration            |       |     1 |       ||     1
Armor: Robe              |    17 |     4 |       ||    21
       Leather armour    |       |    17 |    11 ||    28
Dodge: Dodged            |    31 |    61 |    30 ||   122
Block: Other             |       |    12 |    12 ||    24
       Reflection        |       |     2 |       ||     2
